 Dungeon Crawl Stone Soup version 0.25-a0-663-gace7076f2c (webtiles) character file.

Game seed: 4631648796509059159, levelgen mode: deterministic

527 Esekla the Stinger (level 7, -5/45 HPs)
             Began as an Octopode Venom Mage on Mar 25, 2020.
             Was an Initiate of Ashenzari.
             Slain by an orc warrior
             ... wielding a +0 mace
              (10 damage)
             ... on level 5 of the Dungeon.
             The game lasted 00:37:34 (5230 turns).

Esekla the Stinger (Octopode Venom Mage)            Turns: 5230, Time: 00:37:34

Health: -5/45      AC:  1    Str:  8    XL:     7   Next: 23%
Magic:  3/12       EV: 13    Int: 18    God:    Ashenzari [......]
Gold:   175        SH:  0    Dex: 13    Spells: 7/13 levels left

rFire    . . .     SeeInvis .   u - +4 short sword
rCold    . . .     Gourm    .   (no shield)
rNeg     . . .     Faith    .   (helmet restricted)
rPois    .         Spirit   .   (no amulet)
rElec    .         Reflect  .   a - ring of flight
rCorr    .         Harm     .   r - ring of stealth
MR       .....                  (no ring)
Stlth    +++++.....             (no ring)
HPRegen  0.15/turn              (no ring)
MPRegen  0.13/turn              (no ring)
                                (no ring)
                                (no ring)

@: very slightly contaminated
A: almost no armour, stealthy swim, amphibious, 8 rings, constrict 8, camouflage
1, gelatinous body 1
a: Curse Item, Renounce Religion, Evoke Flight


You were on level 5 of the Dungeon.
You worshipped Ashenzari.
Ashenzari was noncommittal.
You were very hungry.

You visited 2 branches of the dungeon, and saw 7 of its levels.
You also visited: Sewer.

You collected 175 gold pieces.

Inventory:

Hand Weapons
 e - a +0 short sword
 k - a +0 short sword of venom
 t - a +0 falchion of holy wrath
 u - a +4 short sword (weapon)
Missiles
 l - 36 poisoned darts (quivered)
 s - 5 boomerangs
Jewellery
 a - a ring of flight (left tentacle)
 r - a ring of stealth (right tentacle)
Wands
 o - a wand of clouds (4)
 w - a wand of acid (13)
Scrolls
 d - 4 scrolls of amnesia {unknown}
 g - 2 scrolls of identify
 h - 2 scrolls of fear {unknown}
 i - a scroll of random uselessness {unknown}
 m - 2 scrolls of blinking {unknown}
 q - 2 scrolls of remove curse
 v - 2 scrolls of fog {unknown}
 x - 2 scrolls of teleportation {unknown}
 y - a scroll of immolation {unknown}
Potions
 c - a potion of stabbing {unknown}
 f - 6 potions of curing
 j - a potion of lignification {unknown}
 n - a potion of cancellation {unknown}
 p - 2 potions of flight
 z - 3 potions of heal wounds
 A - a potion of brilliance {unknown}
 B - a potion of might {unknown}
Comestibles
 b - 8 rations


   Skills:
 * Level 2.0 Fighting
 * Level 1.4(1.6) Short Blades
 + Level 0.7(1.2) Long Blades
 + Level 0.1 Throwing
 * Level 2.2 Dodging
 + Level 4.1 Stealth
 * Level 3.8 Spellcasting
 * Level 1.8 Conjurations
 - Level 1.0 Transmutations
 * Level 2.7 Air Magic
 + Level 5.2 Poison Magic


You had 7 spell levels left.
You knew the following spells:

 Your Spells              Type           Power        Failure   Level  Hunger
a - Sting                 Tmut/Pois      ##..         4%          1    None
c - Mephitic Cloud        Conj/Pois/Air  ###.....     12%         3    ###....
v - Poisonous Vapours     Pois/Air       ###...       4%          2    ##.....

Your spell library contained the following spells:

 Spells                   Type           Power        Failure   Level  Hunger
 Olgreb's Toxic Radiance  Pois           ###.....     17%         4    ####...
 Ignite Poison            Fire/Tmut/Pois ##......     19%         3    ###....


Dungeon Overview and Level Annotations

Branches:
Dungeon (6/15)             Temple (1/1) D:5           Sewer (visited)

Altars:
Ashenzari
Cheibriados
Dithmenos
Elyvilon
Fedhas
Gozag
Hepliaklqana
Okawaru
Qazlal
Ru
Sif Muna
Trog
Uskayaw
Wu Jian
Yredelemnul
Zin
The Shining One


Innate Abilities, Weirdness & Mutations

You cannot wear most types of armour.
You are very stealthy in the water. (Stealth+)
You are amphibious.
You can wear up to eight rings at the same time.
You can use your tentacles to constrict eight enemies at once.
Your skin changes colour to match your surroundings (Stealth+).
Your rubbery body absorbs attacks. (AC +1, EV +1)


Message History

The orc warrior looks even sicker.
The orc warrior hits you with a +0 mace.
The orc warrior hits you with a +0 mace!
* * * LOW HITPOINT WARNING * * *
Casting: Poisonous Vapours (safe; 4% risk of failure)
Confirm with . or Enter, or press ? or * to list all spells.
Aiming: Poisonous Vapours (safe; 4% risk of failure)
Press: ? - help, Dir - move target cursor, f/p - orc warrior
Aim: an orc warrior, wielding a +0 mace and wearing a +0 chain mail (heavily wounded, poisoned) Poisonous vapours surround the orc warrior!
Casting: Poisonous Vapours (safe; 4% risk of failure)
Confirm with . or Enter, or press ? or * to list all spells.
Aiming: Poisonous Vapours (safe; 4% risk of failure)
Press: ? - help, Dir - move target cursor, f/p - orc warrior
Aim: an orc warrior, wielding a +0 mace and wearing a +0 chain mail (severely wounded, poisoned) Poisonous vapours surround the orc warrior!
The orc warrior is engulfed in poison gas.
The orc warrior looks even sicker.
The orc warrior hits you with a +0 mace!
You die...

.....####..............#
.###..###..............#
## #......####...[.....#
#.###..# #.........#
#.##...# #.........#
####.##.#.## #.........#
........#..# #.........#
.###.#####.# ###.#######
####.## #.# #@# # #...#
#.# ##o##### # #...#
#.####......## #...#
#..##....<...## ###...#
##............# ......#
###..........# ###...#
#..........# #...#
#..........# #..!#
#>.....>...#


You could see an orc warrior.

Vanquished Creatures
  Edmund (D:4)
  2 crimson imps
  A howler monkey (D:5)
  2 worker ants
  Robin (D:4)
  6 gnolls
  5 adders
  A shadow imp (D:5)
  2 worms (D:2)
  4 dart slugs
  3 leopard geckos
  9 orcs
  15 bats
  11 giant cockroaches
  17 goblins
  7 hobgoblins
  9 jackals
  2 quokkas (D:4)
  6 ball pythons (Sewer)
  9 frilled lizards
  10 kobolds
  A leopard gecko skeleton (D:4)
  A rat (D:2)
  4 plants (Sewer)
129 creatures vanquished.

Notes
Turn   | Place    | Note
-------+----------+-------------------------------------------
     0 | D:1      | Esekla the Octopode Venom Mage began the quest for the Orb.
     0 | D:1      | Reached XP level 1. HP: 11/11 MP: 3/3
   114 | D:1      | Reached skill level 4 in Poison Magic
   114 | D:1      | Reached XP level 2. HP: 17/17 MP: 3/5
   118 | D:1      | Learned a level 2 spell: Poisonous Vapours
   681 | D:1      | Reached XP level 3. HP: 18/21 MP: 3/6
  1021 | D:2      | Learned a level 3 spell: Mephitic Cloud
  1461 | D:2      | Reached skill level 1 in Air Magic
  1566 | D:2      | Reached XP level 4. HP: 25/27 MP: 4/8
  2044 | D:2      | Found a hazy altar of Hepliaklqana.
  2635 | D:3      | Reached skill level 1 in Conjurations
  2797 | D:3      | Reached skill level 1 in Fighting
  2797 | D:3      | Reached XP level 5. HP: 23/33 MP: 4/9
  2919 | D:3      | Found a sacrificial altar of Ru.
  3353 | D:4      | Noticed Robin
  3396 | D:4      | Killed Robin
  3585 | D:4      | Noticed Edmund
  3602 | D:4      | Killed Edmund
  3602 | D:4      | Reached XP level 6. HP: 12/39 MP: 1/11
  3811 | D:4      | You fall into a shaft and drop 1 floor!
  3811 | D:5      | Entered Level 5 of the Dungeon
  3811 | D:5      | Found a staircase to the Ecumenical Temple.
  3816 | Temple   | Entered the Ecumenical Temple
  3829 | Temple   | Became a worshipper of Ashenzari the Shackled
  3845 | D:5      | Found a shadowy altar of Dithmenos.
  3846 | D:5      | Found a blossoming altar of Fedhas.
  3870 | D:5      | Found a glowing drain.
  3923 | Sewer    | Entered a sewer
  4638 | D:5      | Reached skill level 5 in Poison Magic
  4638 | D:5      | Reached XP level 7. HP: 44/44 MP: 12/12
  5200 | D:6      | Found an opulent altar of Gozag.
  5214 | D:6      | Reached skill level 1 in Short Blades
  5230 | D:5      | Slain by an orc warrior

Levels and vault maps discovered:
D:1:      elethiomel_arrival_infinity_welcomes_careful_drivers, layout_rooms
D:2:      layout_basic, nicolae_overflow_crystal_walls
D:3:      layout_basic, lemuel_round_altar, first_ration
D:4:      layout_basic, uniq_edmund, uniq_robin
D:5:      layout_rooms, chequers_temple_overflow_statue_of_worship,
          minmay_temple_entry_drinking_statues, gup_sewer_entry_pipe
D:6:      layout_basic, nicolae_gozag_seed_capital
Temple:   cyrus_circular_temple

Skill      XL: |  1  2  3  4  5  6  7 |
---------------+----------------------+-----
Poison Magic   | 4 5 |  5.2
Stealth        | 3 4 |  4.1
Air Magic      | 1 2 |  2.7
Conjurations   | 1 |  1.8
Fighting       | 1 2 |  2.0
Spellcasting   | 3 |  3.8
Short Blades   | 1 |  1.4
Long Blades    | |  0.7
Throwing       | |  0.1
Dodging        | |  2.2
Transmutations | |  1.0

Action                   |  1- 3 |  4- 6 |  7- 9 || total
-------------------------+-------+-------+-------++-------
Melee: Unarmed           |     7 |       |       ||     7
       Constrict         |    11 |    31 |     6 ||    48
       Tentacles         |     6 |    36 |     2 ||    44
       Short sword       |    30 |   129 |    17 ||   176
       Falchion          |       |    44 |       ||    44
Throw: Dart              |       |     8 |     1 ||     9
 Cast: Sting             |     5 |       |       ||     5
       Poisonous Vapours |    15 |    61 |     7 ||    83
       Mephitic Cloud    |       |     2 |     1 ||     3
  Use: Potion            |       |     1 |       ||     1
       Scroll            |       |       |     3 ||     3
 Stab: Sleeping          |     6 |    17 |     2 ||    25
       Distracted        |       |     1 |       ||     1
       Confused          |       |     1 |       ||     1
  Eat: Chunk             |     2 |    13 |     2 ||    17
Armor: Skin              |     1 |    12 |     1 ||    14
Dodge: Dodged            |    22 |    61 |     6 ||    89
       Rpst.: Falchion   |       |     7 |       ||     7

Table legend:
 A = Non-vault XP
 B = Vault XP
 C = Vault XP percentage of total XP
 D = Non-vault monster count
 E = Vault monster count
 F = Vault count percentage of total count
                 A         B        C        D         E       F
            +---------+---------+-------+---------+---------+-------
      Total |     512 |     242 |  32.1 |      85 |      40 |  32.0
            +---------+---------+-------+---------+---------+-------
        D:1 |      40 |       0 |   0.0 |      18 |       0 |   0.0
        D:2 |      61 |       0 |   0.0 |      21 |       0 |   0.0
        D:3 |      85 |       0 |   0.0 |      21 |       0 |   0.0
        D:4 |      82 |     189 |  69.7 |      15 |      14 |  48.3
        D:5 |     191 |      12 |   5.9 |       8 |       6 |  42.9
        D:6 |      53 |       0 |   0.0 |       2 |       0 |   0.0
      Sewer |       0 |      41 | 100.0 |       0 |      20 | 100.0
            +---------+---------+-------+---------+---------+-------
